[ AOE2 MATCH · #495597889 ]
UnrankedHindustanis vs Burgundians
[ REPLAY ANALYSIS · EXTRACTED FROM THE RECORDED GAME ]
Feudal
9:16
Castle
20:51
Imperial
34:51
| APM avg | 58.6 |
| APM peak | 122 |
| eAPM avg | 26.0 |
| Villagers / military | 125 / 60 |
Focus
⚔️ 32.5% · 🌾 67.5%
Camel Scout ×37 · Scout Cavalry ×9 · Mangonel ×5 · Spearman ×4 · Trebuchet (Packed) ×3 · Monk ×1
Feudal
9:20
Castle
20:51
Imperial
37:18
| APM avg | 59.1 |
| APM peak | 98 |
| eAPM avg | 20.7 |
| Villagers / military | 143 / 109 |
Focus
⚔️ 31.4% · 🌾 68.6%
Archer ×71 · Battering Ram ×24 · Knight ×4 · Mangonel ×4 · Scout Cavalry ×4 · Trebuchet (Packed) ×2
Match map
Initial resources + every placement click. Lines = walls · curves = elevation contours. ◆ gold · ⬟ stone · ● berries · ✦ relic · ◌ wall gap
Your base· Open — opponent sealed themselves in
ThaNoS's base· ✓ Closed at 20:51 · 20t walls · 1 gate(s)
Smoothed initial terrain · ◌ = detected wall gap · hover for details
Inputs per minute
— DS_Tortafuller - - ThaNoS
Build order — DS_Tortafuller
First 150 of 316 actions detected
| 0:00 | Queue | Villager (Male) |
| 0:01 | Queue | Villager (Male) |
| 0:01 | Queue | Villager (Male) |
| 0:01 | Queue | Villager (Male) |
| 0:02 | Build | House |
| 0:04 | Build | House |
| 1:06 | Queue | Villager (Male) |
| 1:55 | Queue | Villager (Male) |
| 1:55 | Queue | Villager (Male) |
| 1:55 | Queue | Villager (Male) |
| 2:14 | Queue | Villager (Male) |
| 2:15 | Queue | Villager (Male) |
| 2:28 | Build | Lumber Camp |
| 2:40 | Queue | Villager (Male) |
| 2:58 | Queue | Villager (Male) |
| 3:23 | Queue | Villager (Male) |
| 3:34 | Build | House |
| 3:41 | Queue | Villager (Male) |
| 4:20 | Build | Mill |
| 4:24 | Queue | Villager (Male) |
| 4:56 | Queue | Villager (Male) |
| 5:06 | Build | Palisade Wall |
| 5:14 | Queue | Villager (Male) |
| 6:15 | Queue | Villager (Male) |
| 6:18 | Research | Loom |
| 6:52 | Build | House |
| 6:59 | Queue | Villager (Male) |
| 7:03 | Research | Feudal Age |
| 7:41 | Build | Palisade Wall |
| 7:43 | Build | Palisade Wall |
| 8:39 | Queue | Villager (Male) |
| 8:42 | Build | Barracks |
| 9:01 | Build | Palisade Wall |
| 9:16 | Age | Feudal Age |
| 9:27 | Queue | Villager (Male) |
| 9:45 | Queue | Villager (Male) |
| 9:58 | Build | Stable |
| 10:03 | Build | House |
| 10:10 | Queue | Villager (Male) |
| 10:26 | Research | Double-Bit Axe |
| 10:40 | Build | Palisade Wall |
| 10:42 | Queue | Villager (Male) |
| 10:56 | Queue | Scout Cavalry |
| 10:56 | Queue | Scout Cavalry |
| 10:56 | Queue | Scout Cavalry |
| 10:59 | Build | Palisade Wall |
| 11:02 | Build | House |
| 11:05 | Research | Horse Collar |
| 11:40 | Build | Palisade Wall |
| 11:44 | Build | Farm |
| 11:46 | Queue | Villager (Male) |
| 11:55 | Queue | Villager (Male) |
| 11:56 | Build | Farm |
| 12:00 | Queue | Villager (Male) |
| 12:08 | Build | Palisade Wall |
| 12:12 | Queue | Villager (Male) |
| 12:14 | Build | Palisade Wall |
| 12:24 | Queue | Villager (Male) |
| 12:25 | Queue | Spearman |
| 12:29 | Build | Farm |
| 12:31 | Queue | Villager (Male) |
| 12:42 | Build | House |
| 12:47 | Build | Farm |
| 12:49 | Build | Farm |
| 12:52 | Build | Farm |
| 13:05 | Queue | Villager (Male) |
| 13:07 | Build | Farm |
| 13:08 | Build | Farm |
| 13:43 | Queue | Villager (Male) |
| 13:44 | Build | Farm |
| 13:47 | Build | Farm |
| 13:50 | Build | Farm |
| 13:50 | Build | Farm |
| 13:57 | Build | Palisade Wall |
| 14:06 | Queue | Villager (Male) |
| 14:09 | Queue | Spearman |
| 14:13 | Build | Farm |
| 14:23 | Build | Farm |
| 14:28 | Build | House |
| 14:31 | Queue | Villager (Male) |
| 14:34 | Build | House |
| 14:40 | Queue | Villager (Male) |
| 15:03 | Build | Farm |
| 15:06 | Queue | Villager (Male) |
| 15:26 | Build | Mining Camp |
| 15:43 | Build | Palisade Wall |
| 16:00 | Research | Wheelbarrow |
| 16:25 | Queue | Spearman |
| 16:33 | Build | Palisade Wall |
| 16:47 | Build | Palisade Wall |
| 17:01 | Build | Palisade Gate |
| 17:04 | Build | Palisade Gate |
| 17:13 | Build | Palisade Wall |
| 17:28 | Queue | Villager (Male) |
| 17:35 | Build | Blacksmith |
| 17:54 | Build | House |
| 18:07 | Research | Fletching |
| 18:11 | Research | Castle Age |
| 18:27 | Queue | Villager (Male) |
| 18:35 | Research | Bloodlines |
| 18:41 | Build | Palisade Wall |
| 18:51 | Build | House |
| 19:04 | Research | Gold Mining |
| 19:38 | Build | Farm |
| 19:41 | Queue | Spearman |
| 19:46 | Research | Scale Barding Armor |
| 20:34 | Build | House |
| 20:35 | Build | House |
| 20:37 | Build | House |
| 20:50 | Queue | Scout Cavalry |
| 20:50 | Queue | Scout Cavalry |
| 20:51 | Age | Castle Age |
| 21:07 | Build | Town Center |
| 21:12 | Research | Light Cavalry (upgrade) |
| 21:13 | Queue | Scout Cavalry |
| 21:24 | Queue | Villager (Male) |
| 21:30 | Build | House |
| 21:36 | Build | House |
| 21:38 | Build | Palisade Wall |
| 21:45 | Queue | Villager (Male) |
| 22:06 | Build | Town Center |
| 22:17 | Build | House |
| 22:37 | Build | Siege Workshop |
| 22:42 | Queue | Villager (Male) |
| 22:45 | Queue | Villager (Male) |
| 22:48 | Queue | Scout Cavalry |
| 22:48 | Queue | Scout Cavalry |
| 22:55 | Build | House |
| 23:28 | Build | Palisade Wall |
| 23:36 | Queue | Villager (Male) |
| 23:43 | Queue | Villager (Male) |
| 23:53 | Queue | Villager (Male) |
| 23:54 | Queue | Villager (Male) |
| 24:00 | Queue | Villager (Male) |
| 24:01 | Queue | Scout Cavalry |
| 24:04 | Queue | Villager (Male) |
| 24:07 | Queue | Mangonel |
| 24:07 | Queue | Mangonel |
| 24:25 | Queue | Villager (Male) |
| 24:26 | Queue | Villager (Male) |
| 24:32 | Build | Lumber Camp |
| 24:34 | Queue | Villager (Male) |
| 24:38 | Build | Farm |
| 24:40 | Queue | Villager (Male) |
| 24:58 | Queue | Villager (Male) |
| 25:01 | Build | Market |
| 25:13 | Queue | Villager (Male) |
| 25:15 | Build | Farm |
| 25:16 | Build | Farm |
| 25:20 | Build | Farm |
Build order — ThaNoS
First 150 of 369 actions detected
| 0:00 | Queue | Villager (Male) |
| 0:01 | Queue | Villager (Male) |
| 0:01 | Queue | Villager (Male) |
| 0:01 | Queue | Villager (Male) |
| 0:02 | Build | House |
| 0:04 | Build | House |
| 1:25 | Queue | Villager (Male) |
| 2:00 | Queue | Villager (Male) |
| 2:09 | Build | Lumber Camp |
| 2:13 | Queue | Villager (Male) |
| 2:56 | Queue | Villager (Male) |
| 2:56 | Queue | Villager (Male) |
| 3:12 | Queue | Villager (Male) |
| 3:37 | Queue | Villager (Male) |
| 3:37 | Queue | Villager (Male) |
| 3:55 | Build | House |
| 4:25 | Build | Mill |
| 4:28 | Queue | Villager (Male) |
| 4:40 | Queue | Villager (Male) |
| 4:50 | Queue | Villager (Male) |
| 5:17 | Queue | Villager (Male) |
| 5:54 | Queue | Villager (Male) |
| 5:56 | Research | Loom |
| 7:11 | Research | Feudal Age |
| 7:26 | Build | Lumber Camp |
| 7:29 | Queue | Villager (Male) |
| 7:51 | Queue | Villager (Male) |
| 8:32 | Build | Barracks |
| 8:34 | Build | House |
| 8:47 | Queue | Villager (Male) |
| 9:20 | Age | Feudal Age |
| 9:25 | Build | Stable |
| 9:26 | Research | Double-Bit Axe |
| 9:31 | Queue | Villager (Male) |
| 9:34 | Build | Farm |
| 9:44 | Build | House |
| 9:50 | Build | House |
| 9:54 | Queue | Villager (Male) |
| 10:05 | Queue | Scout Cavalry |
| 10:05 | Queue | Scout Cavalry |
| 10:13 | Queue | Villager (Male) |
| 10:14 | Build | Farm |
| 10:18 | Build | House |
| 10:19 | Queue | Villager (Male) |
| 10:32 | Build | House |
| 10:36 | Queue | Scout Cavalry |
| 10:48 | Build | Farm |
| 11:00 | Build | Mill |
| 11:05 | Queue | Villager (Male) |
| 11:08 | Build | Farm |
| 11:40 | Queue | Villager (Male) |
| 11:40 | Queue | Scout Cavalry |
| 11:49 | Queue | Villager (Male) |
| 11:55 | Build | House |
| 12:01 | Build | Blacksmith |
| 12:07 | Build | House |
| 12:10 | Build | Palisade Wall |
| 12:13 | Queue | Villager (Male) |
| 12:19 | Queue | Villager (Male) |
| 12:22 | Build | Farm |
| 12:37 | Queue | Villager (Male) |
| 12:40 | Build | House |
| 12:44 | Build | Palisade Wall |
| 12:49 | Queue | Villager (Male) |
| 13:04 | Build | Farm |
| 13:07 | Build | Farm |
| 13:10 | Build | House |
| 13:28 | Build | House |
| 13:45 | Queue | Villager (Male) |
| 13:55 | Build | Palisade Wall |
| 13:58 | Queue | Villager (Male) |
| 14:03 | Queue | Villager (Male) |
| 14:07 | Build | Mining Camp |
| 14:10 | Queue | Villager (Male) |
| 14:13 | Build | Farm |
| 14:16 | Queue | Villager (Male) |
| 14:19 | Build | House |
| 14:21 | Build | House |
| 14:23 | Build | House |
| 14:25 | Queue | Villager (Male) |
| 14:39 | Queue | Villager (Male) |
| 14:43 | Build | Palisade Wall |
| 14:52 | Build | Palisade Wall |
| 14:58 | Queue | Villager (Male) |
| 15:04 | Build | House |
| 15:04 | Build | Palisade Wall |
| 15:12 | Queue | Villager (Male) |
| 15:23 | Build | Palisade Gate |
| 15:32 | Queue | Villager (Male) |
| 15:38 | Queue | Villager (Male) |
| 15:42 | Build | Farm |
| 15:45 | Build | Farm |
| 15:49 | Build | Farm |
| 15:53 | Build | Farm |
| 16:06 | Queue | Villager (Male) |
| 16:15 | Queue | Villager (Male) |
| 17:31 | Queue | Villager (Male) |
| 18:07 | Build | Archery Range |
| 18:08 | Build | Archery Range |
| 18:11 | Research | Castle Age |
| 18:31 | Research | Bow Saw |
| 18:51 | Research | Fletching |
| 19:11 | Queue | Archer |
| 19:16 | Queue | Archer |
| 19:16 | Queue | Archer |
| 19:16 | Queue | Archer |
| 19:17 | Queue | Archer |
| 19:27 | Queue | Villager (Male) |
| 19:34 | Research | Padded Archer Armor |
| 19:37 | Queue | Archer |
| 19:37 | Queue | Archer |
| 19:39 | Queue | Villager (Male) |
| 19:56 | Queue | Archer |
| 19:57 | Queue | Archer |
| 20:51 | Age | Castle Age |
| 20:56 | Research | Crossbowman (upgrade) |
| 21:04 | Queue | Villager (Male) |
| 21:08 | Build | University |
| 21:18 | Research | Bodkin Arrow |
| 21:37 | Build | Town Center |
| 21:38 | Queue | Villager (Male) |
| 21:52 | Research | Ballistics |
| 22:02 | Queue | Villager (Male) |
| 22:03 | Queue | Archer |
| 22:03 | Queue | Archer |
| 22:15 | Queue | Villager (Male) |
| 22:26 | Queue | Villager (Male) |
| 22:28 | Queue | Archer |
| 22:28 | Queue | Archer |
| 22:39 | Build | Farm |
| 22:41 | Build | Farm |
| 22:49 | Queue | Villager (Male) |
| 22:50 | Queue | Archer |
| 22:50 | Queue | Archer |
| 22:50 | Queue | Archer |
| 22:58 | Queue | Villager (Male) |
| 23:00 | Build | Farm |
| 23:26 | Queue | Villager (Male) |
| 23:36 | Build | Town Center |
| 23:44 | Queue | Villager (Male) |
| 23:45 | Queue | Archer |
| 23:46 | Queue | Archer |
| 23:46 | Queue | Archer |
| 23:46 | Queue | Archer |
| 23:56 | Queue | Villager (Male) |
| 23:57 | Queue | Villager (Male) |
| 23:57 | Queue | Villager (Male) |
| 24:00 | Queue | Archer |
| 24:00 | Queue | Archer |
| 24:15 | Build | Archery Range |
Match timeline
| 5:06 | DS_Tortafuller · wall_segment Palisade Wall x6 |
| 7:41 | DS_Tortafuller · wall_segment Palisade Wall x1 |
| 7:43 | DS_Tortafuller · wall_segment Palisade Wall x1 |
| 8:32 | ThaNoS · first_building Barracks |
| 8:42 | DS_Tortafuller · first_building Barracks |
| 9:01 | DS_Tortafuller · wall_segment Palisade Wall x8 |
| 9:16 | DS_Tortafuller · age_up feudal |
| 9:20 | ThaNoS · age_up feudal |
| 9:25 | ThaNoS · first_building Stable |
| 9:58 | DS_Tortafuller · first_building Stable |
| 10:40 | DS_Tortafuller · wall_segment Palisade Wall x5 |
| 10:59 | DS_Tortafuller · wall_segment Palisade Wall x1 |
| 11:40 | DS_Tortafuller · wall_segment Palisade Wall x3 |
| 12:08 | DS_Tortafuller · wall_segment Palisade Wall x2 |
| 12:10 | ThaNoS · wall_segment Palisade Wall x12 |
| 12:14 | DS_Tortafuller · wall_segment Palisade Wall x1 |
| 12:44 | ThaNoS · wall_segment Palisade Wall x5 |
| 13:55 | ThaNoS · wall_segment Palisade Wall x1 |
| 13:57 | DS_Tortafuller · wall_segment Palisade Wall x1 |
| 14:43 | ThaNoS · wall_segment Palisade Wall x1 |
| 14:52 | ThaNoS · wall_segment Palisade Wall x1 |
| 15:04 | ThaNoS · wall_segment Palisade Wall x1 |
| 15:43 | DS_Tortafuller · wall_segment Palisade Wall x1 |
| 16:33 | DS_Tortafuller · wall_segment Palisade Wall x1 |
| 16:47 | DS_Tortafuller · wall_segment Palisade Wall x1 |
| 17:13 | DS_Tortafuller · wall_segment Palisade Wall x1 |
| 18:07 | ThaNoS · first_building Archery Range |
| 18:41 | DS_Tortafuller · wall_segment Palisade Wall x1 |
| 20:51 | DS_Tortafuller · age_up castle |
| 20:51 | ThaNoS · age_up castle |
| 21:38 | DS_Tortafuller · wall_segment Palisade Wall x1 |
| 22:37 | DS_Tortafuller · first_building Siege Workshop |
| 23:28 | DS_Tortafuller · wall_segment Palisade Wall x1 |
| 26:12 | DS_Tortafuller · first_market_buy 100 wood |
| 28:09 | DS_Tortafuller · first_building Monastery |
| 30:00 | DS_Tortafuller · first_building Castle |
| 33:07 | ThaNoS · first_building Castle |
| 34:15 | ThaNoS · first_building Siege Workshop |
| 34:51 | DS_Tortafuller · age_up imperial |
| 35:03 | DS_Tortafuller · first_market_sell 100 food |
| 37:18 | ThaNoS · age_up imperial |
| 38:26 | ThaNoS · first_market_sell 100 wood |
| 38:39 | DS_Tortafuller · first_building Archery Range |
| 40:56 | ThaNoS · resign |
[ AI ANALYSIS · 1 CREDIT ]
What really happened in this match?
Wolo.gg analyzes every decision: build order, eco, micro, common mistakes by bracket. Personalized analysis on WhatsApp or Discord in 30 seconds.
Civ guide
Hindustanis
Perfil
DS_Tortafuller